 Dungeon Crawl Stone Soup version 0.30.0-13-g156ef70053 (webtiles) character file.

Game seed: 9704243019235205812

11 mkat the Insei (level 2, -1/28 HPs)
             Began as a Tengu Wanderer on May 17, 2023.
             Frozen to death by an endoplasm (5 damage)
             ... on level 1 of the Dungeon.
             The game lasted 00:00:41 (47 turns).

mkat the Insei (Tengu Wanderer)                       Turns: 47, Time: 00:00:42

Health: -1/28      AC:  2    Str: 11    XL:     2   Next: 25%
Magic:  3/3        EV: 10    Int: 11    God:
Gold:   0          SH:  4    Dex: 15    Spells: 1/1 levels left

rFire   . . .        a - +0 dagger
rCold   . . .        d - +0 buckler
rNeg    . . .        e - +0 robe
rPois   .            (helmet restricted)
rElec   .            (no cloak)
rCorr   .            (no gloves)
SInv    .            (boots unavailable)
Will    .....        (no amulet) Stlth
                     (no ring)
HPRegen 0.24/turn    (no ring)
MPRegen 0.08/turn

%: no passive effects
@: berserking, very quick
A: beak, talons 3
a: no special abilities


You were on level 1 of the Dungeon.
You visited 1 branch of the dungeon, and saw 1 of its levels.

Inventory:

Hand Weapons
 a - a +0 dagger (weapon)
Armour
 d - a +0 buckler (worn)
 e - a +0 robe (worn)
Scrolls
 c - a scroll of teleportation
 f - 2 scrolls of fear
 g - a scroll of identify {unknown}


   Skills:
 + Level 3.2 Fighting
 + Level 0.1 Short Blades
 + Level 2.0 Stealth
 + Level 1.0 Shields
 + Level 4.7 Unarmed Combat


You had one spell level left.
You didn't know any spells.
Your spell library was empty.

Dungeon Overview and Level Annotations

Branches:
Dungeon (1/15)

Altars:


Innate Abilities, Weirdness & Mutations

You have a beak for a mouth.
You have claws for feet.


Message History

You open the door.
There is an open door here.
You open the door.
There is an open door here.
g - a scroll labelled VUTHUT ODWEFYE A ball python comes into view.
Found 26 gold pieces.
A gnoll comes into view. It is wielding a +0 spear.
Found 6 gold pieces.
The ball python hisses angrily.
The ball python barely misses you. x2
You closely miss the ball python. Your kick misses the ball python.
The ball python closely misses you. x2; The ball python misses you.
The ball python grabs you. The ball python constricts you.
You completely miss the ball python. You claw the ball python.
You kill the ball python!
An endoplasm comes into view.
A hobgoblin and a goblin come into view.
The gnoll shouts!
The endoplasm quivers.
The gnoll hits you from afar with a +0 spear.
The gnoll hits you with a +0 spear.
* * * LOW HITPOINT WARNING * * *
You see here 11 gold pieces.
A red film seems to cover your vision as you go berserk!
You feel yourself moving faster!
You feel mighty! You block the gnoll's attack.
You puncture the gnoll! Your kick misses the gnoll.
The gnoll is severely wounded.
You puncture the gnoll!
You kill the gnoll!
You have reached level 2!
You barely miss the hobgoblin. The hobgoblin hits you.
* * * LOW HITPOINT WARNING * * *
The endoplasm hits you.
* * * LOW HITPOINT WARNING * * *
You hit the hobgoblin. You claw the hobgoblin. You peck the hobgoblin.
You kill the hobgoblin!
The endoplasm freezes you.
You are frozen.
You die...

#.......#
#.......#
#.......#
#.......#
#.......######
.......g#....#
#.....J)#....#
#.....$@#....#
...........†.#
##...........#
##+....8....#
##........#
###....###
#....# ###
##...# #..
#+..#


You could see an endoplasm and a goblin.

Vanquished Creatures
  A gnoll (D:1)
  A ball python (D:1)
  A hobgoblin (D:1)
3 creatures vanquished.

Notes
Turn   | Place    | Note
-------+----------+-------------------------------------------
     0 | D:1      | mkat the Tengu Wanderer began the quest for the Orb.
     0 | D:1      | mkat set off with the following items: a +0 dagger, a
                  | potion of berserk rage, a scroll of teleportation, a +0
                  | buckler, a +0 robe, 2 scrolls of fear.
     0 | D:1      | Reached XP level 1. HP: 14/14 MP: 2/2
    46 | D:1      | Reached XP level 2. HP: 9/19 MP: 3/3
    47 | D:1      | Frozen to death by an endoplasm

Illustrated notes

Levels and vault maps discovered:
D:1:      nicolae_arrival_somewhat_less_tricky_arrival, layout_rooms,
          serial_shops, nicolae_shop_bloodbath_and_beyond

Action                     || total
---------------------------++-------
  Melee: Dagger            ||     6
         Kick              ||     2
         Peck              ||     1
    Use: Potion            ||     1
  Dodge: Dodged            ||     5
  Block: Buckler           ||     1
